 Dungeon Crawl Stone Soup version 0.26-a0-259-g1effd001a9 (webtiles) character file.

Game seed: 14355443739640237367

175 raph the Gusty (level 5, 0/28 HPs)
             Began as a Tengu Air Elementalist on July 15, 2020.
             Succumbed to an adder's poison
             ... on level 4 of the Dungeon.
             The game lasted 00:07:58 (3035 turns).

raph the Gusty (Tengu Air Elementalist)             Turns: 3035, Time: 00:07:58

Health: 0/28       AC:  3    Str:  9    XL:     5   Next: 55%
Magic:  1/9        EV: 28    Int: 16    God:
Gold:   239        SH:  0    Dex: 20    Spells: 2/8 levels left

rFire    . . .     SeeInvis .   s - +0 rapier
rCold    . . .     Faith    .   (no shield)
rNeg     . . .     Spirit   .   a - +1 robe
rPois    .         Reflect  .   (helmet restricted)
rElec    .         Harm     .   (no cloak)
rCorr    .                      (no gloves)
MR       .....                  (boots unavailable)
Stlth    +++.......             p - amulet of the acrobat
HPRegen  0.09/turn              r - +6 ring of dexterity
MPRegen  0.11/turn              b - ring of stealth

@: lethally poisoned (0 -> -5), swift (expiring), acrobat, very quick
A: beak, talons 3, able to fly
a: Fly


You were on level 4 of the Dungeon.
You were not hungry.

You visited 1 branch of the dungeon, and saw 4 of its levels.

You collected 239 gold pieces.

Inventory:

Hand Weapons
 h - a +0 mace
 i - a +0 dagger
 s - a +0 rapier (weapon)
Missiles
 e - 2 curare-tipped darts (quivered)
 j - 5 javelins
 o - 23 poisoned darts
Armour
 a - a +1 robe (worn)
Jewellery
 b - a ring of stealth (right hand)
 p - an amulet of the acrobat (around neck)
 r - a +6 ring of dexterity (left hand)
Scrolls
 d - 3 scrolls of identify
 g - a scroll of blinking
 n - a scroll of fear
Potions
 f - a potion of flight
 k - a potion of ambrosia
 l - a potion of stabbing {unknown}
 m - a potion of degeneration
 t - a potion of haste {unknown}
Comestibles
 c - 12 rations


   Skills:
 - Level 2.1 Dodging
 - Level 2.0 Stealth
 + Level 2.4 Spellcasting
 + Level 4.7 Conjurations
 + Level 6.1 Air Magic


You had 2 spell levels left.
You knew the following spells:

 Your Spells              Type           Power        Failure   Level
a - Shock                 Conj/Air       ###.         2%          1
b - Swiftness             Chrm/Air       ##......     9%          2
c - Static Discharge      Conj/Air       ###.....     6%          3

Your spell library contained the following spells:

 Spells                   Type           Power        Failure   Level
 Airstrike                Air            ###.......   16%         4
 Lightning Bolt           Conj/Air       ###.......   52%         5


Dungeon Overview and Level Annotations

Branches:
Dungeon (4/15)
 Temple: D:4-7

Altars:
Cheibriados
Fedhas
Qazlal
Ru


Innate Abilities, Weirdness & Mutations

You have a beak for a mouth.
You have claws for feet.
You can fly continuously.


Message History

The adder misses you.
Casting: Swiftness (safe; 9% risk of failure)
Confirm with . or Enter, or press ? or * to list all spells.
You feel quick.
You feel sick. The worker ant barely misses you. The adder barely misses you.
There is a stone staircase leading down here.
You feel sick.
You hear the slow rusting of a drain nearby.
You feel sick. The adder closely misses you.
You start to feel a little slower.
You hit the worm.
The worm is lightly wounded.
You feel sick. The adder barely misses you. The adder bites you.
* * * LOW HITPOINT WARNING * * *
You are more poisoned.
The adder poisons you! The worm completely misses you.
Your magical contamination has completely faded away.
You die...

### #.... .........
#...##...###......##.
....#..... .....?.#..
.........###........#
...................##
..#....a.#..#...^..#
...##...####........
#......####......##
#....#ah.S.@........# ...
#......#.w.....##...##...
#.....####......###......
...................#....#
##................%.[....#
#.......#...............#
.......##.............#
......................#
.........##.....)....#


You could see a worm, a worker ant, an adder and a jackal.

Vanquished Creatures
  A scorpion (D:4)
  A water moccasin skeleton (D:2)
  2 adders
  An ufetubus (D:3)
  2 worms
  A dart slug (D:2)
  2 leopard geckos
  2 orcs
  4 giant cockroaches
  7 goblins
  4 hobgoblins
  A ball python (D:4)
  7 bats
  3 frilled lizards
  4 kobolds
  10 rats
52 creatures vanquished.

Notes
Turn   | Place    | Note
-------+----------+-------------------------------------------
     0 | D:1      | raph the Tengu Air Elementalist began the quest for the
                  | Orb.
     0 | D:1      | Reached XP level 1. HP: 10/10 MP: 4/4
   264 | D:1      | Reached XP level 2. HP: 15/15 MP: 0/6
   326 | D:1      | Learned a level 2 spell: Swiftness
  1247 | D:2      | Found a stormy altar of Qazlal.
  1313 | D:2      | Reached XP level 3. HP: 14/19 MP: 5/7
  1417 | D:2      | Reached skill level 5 in Air Magic
  1417 | D:2      | Reached XP level 4. HP: 11/24 MP: 0/8
  1804 | D:2      | Learned a level 3 spell: Static Discharge
  1816 | D:2      | Found a snail-covered altar of Cheibriados.
  1888 | D:2      | Found a sacrificial altar of Ru.
  2091 | D:2      | Found a blossoming altar of Fedhas.
  2489 | D:3      | Gained mutation: You can fly continuously. [Tengu growth]
  2489 | D:3      | Reached XP level 5. HP: 28/28 MP: 3/9
  2701 | D:3      | Found a faded altar of an unknown god.
  2965 | D:4      | Reached skill level 6 in Air Magic
  3032 | D:4      | HP: 1/28 [adder (2)]
  3035 | D:4      | Succumbed to an adder's poison

Illustrated notes

Levels and vault maps discovered:
D:1:      lemuel_arrival_hallway, layout_loops_ring, minmay_cut_off
D:2:      layout_rooms, nicolae_ru_the_path_less_chosen, fedhas_altar_4,
          grunt_qazlal_clouds, amethyst_killhole, kennysheep_slug_shrine
D:3:      layout_rooms, chequers_ecumenical_altar_twisty, first_ration
D:4:      layout_cave_pools, serial_shops, kennysheep_little_box,
          gup_sewer_entry_glass

Skill      XL: |  1  2  3  4  5 |
---------------+----------------+-----
Conjurations   | 2 3 4 |  4.7
Air Magic      | 5 6 |  6.1
Dodging        | |  2.1
Stealth        | |  2.0
Spellcasting   | |  2.4

Action                   |  1- 3 |  4- 6 || total
-------------------------+-------+-------++-------
Melee: Peck              |     1 |     1 ||     2
       Unarmed           |     1 |       ||     1
       Dagger            |     6 |     1 ||     7
       Mace              |     1 |       ||     1
       Rapier            |       |     6 ||     6
 Cast: Shock             |    46 |    66 ||   112
       Swiftness         |       |     1 ||     1
  Use: Scroll            |       |     9 ||     9
 Stab: Sleeping          |     2 |     1 ||     3
  Eat: Ration            |     1 |     1 ||     2
Armor: Robe              |     1 |     4 ||     5
Dodge: Dodged            |     9 |    31 ||    40

Table legend:
 A = Non-vault XP
 B = Vault XP
 C = Vault XP percentage of total XP
 D = Non-vault monster count
 E = Vault monster count
 F = Vault count percentage of total count
                 A         B        C        D         E       F
            +---------+---------+-------+---------+---------+-------
      Total |     243 |       8 |   3.2 |      48 |       4 |   7.7
            +---------+---------+-------+---------+---------+-------
        D:1 |      21 |       4 |  16.0 |      14 |       3 |  17.6
        D:2 |     109 |       4 |   3.5 |      19 |       1 |   5.0
        D:3 |      42 |       0 |   0.0 |      12 |       0 |   0.0
        D:4 |      71 |       0 |   0.0 |       3 |       0 |   0.0
            +---------+---------+-------+---------+---------+-------
